TOP OF THE 1ST |
Spokane Indians batting - Pitching for Mahoning Valley Scrappers : RHP Mario Trujillo
|
Pitching: RHP Mario Trujillo
|
|
Batting: LHB Jose Baez
|
0-0: Ball 1-0: Ball 2-0: Ball 3-0: Base on Balls
|
Batting: RHB Roberto Contreras
|
0-0: Called Strike 0-1: Ball 1-1: Ball 2-1: Fly out, F9 (Flyball, 89XD, EV 101.9 MPH)
|
Batting: LHB William Hanley
|
0-0: Ball Jose Baez is caught stealing 2nd base 2-6 1-0: Swinging Strike 1-1: Swinging Strike 1-2: Ball 2-2: Foul Ball, location: 2F 2-2: Fly out, F4 (Line Drive, 4D, EV 86.9 MPH)
|
Top of the 1st over - 0 runs, 0 hits, 0 errors, 0 left on base; Spokane 0 - Mahoning Valley 0 |
BOTTOM OF THE 1ST |
Mahoning Valley Scrappers batting - Pitching for Spokane Indians : RHP Erik Sever
|
Pitching: RHP Erik Sever
|
|
Batting: RHB Jonathan Underhill
|
0-0: Ball 1-0: Foul Ball, location: 2F 1-1: SINGLE (Groundball, 56D, EV 106.9 MPH)
|
Batting: RHB Edolf Vlemmings
|
0-0: Ball Jonathan Underhill is caught stealing 2nd base 2-4 1-0: Swinging Strike 1-1: Foul Ball, location: 2F 1-2: Ball 2-2: Ball 3-2: Strikes out looking
|
Batting: LHB Tommy Williams
|
0-0: Swinging Strike 0-1: Foul Ball, location: 2F 0-2: Ball 1-2: SOLO HOME RUN (Line Drive, 9D, EV 100.0 MPH), Distance : 385 ft
|
Batting: SHB Charlie Diesel
|
0-0: Foul Ball, location: 2F 0-1: SOLO HOME RUN (Flyball, 9D, EV 98.8 MPH), Distance : 383 ft
|
Batting: LHB Tibalt Sklavenitis
|
0-0: Swinging Strike 0-1: Called Strike 0-2: Foul Ball, location: 2F 0-2: Ball 1-2: Strikes out swinging
|
Bottom of the 1st over - 2 runs, 3 hits, 0 errors, 0 left on base; Spokane 0 - Mahoning Valley 2 |
TOP OF THE 2ND |
Spokane Indians batting - Pitching for Mahoning Valley Scrappers : RHP Mario Trujillo
|
Batting: RHB George King
|
0-0: Fly out, F4 (Flyball, 34D, EV 92.5 MPH)
|
Batting: RHB Shoh Tanioka
|
0-0: Ball 1-0: Ball 2-0: Ball 3-0: SOLO HOME RUN (Line Drive, 7D, EV 98.1 MPH), Distance : 382 ft
|
Batting: LHB Justin Covington
|
0-0: Ball 1-0: Reached on error, E3 (Groundball, 34, EV 84.4 MPH)
|
Batting: RHB Dale Aubrey
|
0-0: Called Strike 0-1: Ball Justin Covington steals 2nd base 1-1: Foul Ball, location: 2F 1-2: Ball Wild Pitch! Justin Covington to third 2-2: Ball 3-2: Fly out, F8 (Flyball, 89S, EV 77.5 MPH)
|
Batting: RHB Gavin Fimple
|
0-0: Ball 1-0: SINGLE (Flyball, 89S, EV 91.9 MPH) Justin Covington scores
|
Batting: RHB Dennis Daniels
|
0-0: Ball Gavin Fimple steals 2nd base 1-0: SINGLE (Line Drive, 6D, EV 94.4 MPH) Gavin Fimple to third Runner from 3rd tries for Home, SAFE, throw by CF to home
|
Batting: LHB Jose Baez
|
0-0: Ball 1-0: Ball Dennis Daniels steals 2nd base 2-0: Called Strike 2-1: Ball 3-1: Base on Balls
|
Batting: RHB Roberto Contreras
|
0-0: Ball 1-0: Swinging Strike 1-1: Foul Ball, location: 2F 1-2: Ball 2-2: 3-RUN HOME RUN (Line Drive, 89XD, EV 113.1 MPH), Distance : 428 ft
|
Batting: LHB William Hanley
|
0-0: Ball 1-0: Foul Ball, location: 2F 1-1: Foul Ball, location: 2F 1-2: Ball 2-2: Ball 3-2: Base on Balls
|
Batting: RHB George King
|
0-0: Foul Ball, location: 2F 0-1: Swinging Strike 0-2: Ball 1-2: Ball 2-2: Ball 3-2: Base on Balls William Hanley to second
|
Batting: RHB Shoh Tanioka
|
0-0: Ball 1-0: Ball 2-0: Ball 3-0: Base on Balls William Hanley to third George King to second
|
Batting: LHB Justin Covington
|
0-0: Ball 1-0: Ball 2-0: Foul Ball, location: 2F 2-1: Called Strike 2-2: Ball 3-2: SINGLE (Groundball, 34S, EV 71.9 MPH) (infield hit) William Hanley scores George King to third Shoh Tanioka to second
|
Pitching: RHP Zach Robbins
|
|
Batting: RHB Dale Aubrey
|
0-0: Swinging Strike 0-1: Ball 1-1: Ball Wild Pitch! George King scores Shoh Tanioka to third Justin Covington to second 2-1: Ball 3-1: Foul Ball, location: 2F 3-2: Foul Ball, location: 2F 3-2: Foul Ball, location: 2F 3-2: Foul Ball, location: 2F 3-2: Base on Balls
|
Batting: RHB Gavin Fimple
|
0-0: Ball 1-0: GRAND SLAM HOME RUN (Flyball, 9D, EV 95.0 MPH), Distance : 374 ft
|
Batting: RHB Dennis Daniels
|
0-0: Ball 1-0: Fly out, F9 (Flyball, 9LS, EV 84.4 MPH)
|
Top of the 2nd over - 12 runs, 6 hits, 1 error, 0 left on base; Spokane 12 - Mahoning Valley 2 |
BOTTOM OF THE 2ND |
Mahoning Valley Scrappers batting - Pitching for Spokane Indians : RHP Erik Sever
|
Batting: RHB Zachary Sidney
|
0-0: Swinging Strike 0-1: Ball 1-1: Foul Ball, location: 2F 1-2: Ball 2-2: Ball 3-2: Base on Balls
|
Batting: RHB Egidius Kruger
|
0-0: Called Strike 0-1: Ball 1-1: Called Strike 1-2: Fielders Choice at 2nd, 5-4 (Groundball, 56, EV 103.1 MPH)
|
Batting: LHB Manny Caldera
|
0-0: Foul Ball, location: 2F 0-1: Called Strike 0-2: Strikes out swinging
|
Batting: RHB Nelson Trujillo
|
0-0: Ball 1-0: Called Strike 1-1: Ball 2-1: Ball 3-1: Called Strike 3-2: Strikes out swinging
|
Bottom of the 2nd over - 0 runs, 0 hits, 0 errors, 1 left on base; Spokane 12 - Mahoning Valley 2 |
TOP OF THE 3RD |
Spokane Indians batting - Pitching for Mahoning Valley Scrappers : RHP Zach Robbins
|
Batting: LHB Jose Baez
|
0-0: Ball 1-0: Ground out 6-3 (Groundball, 6, EV 105.0 MPH)
|
Batting: RHB Roberto Contreras
|
0-0: Ball 1-0: DOUBLE (Line Drive, 7LM, EV 107.5 MPH)
|
Batting: LHB William Hanley
|
0-0: Called Strike 0-1: Ball 1-1: Called Strike 1-2: Ball 2-2: Foul Ball, location: 2F 2-2: Ball 3-2: Base on Balls
|
Batting: RHB George King
|
0-0: Ball 1-0: Ball 2-0: Ball 3-0: Called Strike 3-1: Base on Balls Roberto Contreras to third William Hanley to second
|
Batting: RHB Shoh Tanioka
|
0-0: Fly out, F8 (Flyball, 8LD, EV 91.2 MPH) Runner from 3rd tags up, SCORES, throw by CF
|
Batting: LHB Justin Covington
|
0-0: Called Strike 0-1: SINGLE (Groundball, 6D, EV 110.0 MPH) William Hanley to third George King to second Runner from 3rd tries for Home, SAFE, throw by LF to home
|
Batting: RHB Dale Aubrey
|
0-0: Ball 1-0: Called Strike 1-1: Ball 2-1: Called Strike 2-2: Ball 3-2: Foul Ball, location: 2F 3-2: SINGLE (Groundball, 6D, EV 103.8 MPH) George King to third Justin Covington to second George King scores Justin Covington to third
|
Pitching: RHP Andy White
|
|
Batting: RHB Gavin Fimple
|
0-0: Called Strike 0-1: Swinging Strike 0-2: Foul Ball, location: 2F 0-2: Strikes out looking
|
Top of the 3rd over - 3 runs, 3 hits, 0 errors, 2 left on base; Spokane 15 - Mahoning Valley 2 |
BOTTOM OF THE 3RD |
Mahoning Valley Scrappers batting - Pitching for Spokane Indians : RHP Erik Sever
|
Batting: RHB Jonathan Underhill
|
0-0: Ball 1-0: Ball 2-0: Ground out 5-3 (Groundball, 56S, EV 63.8 MPH)
|
Batting: RHB Edolf Vlemmings
|
0-0: Called Strike 0-1: Ball 1-1: Foul Ball, location: 2F 1-2: Ball 2-2: Ground out 6-3 (Groundball, 6S, EV 90.6 MPH)
|
Batting: LHB Tommy Williams
|
0-0: Ball 1-0: Swinging Strike 1-1: Called Strike 1-2: Strikes out looking
|
Bottom of the 3rd over - 0 runs, 0 hits, 0 errors, 0 left on base; Spokane 15 - Mahoning Valley 2 |
TOP OF THE 4TH |
Spokane Indians batting - Pitching for Mahoning Valley Scrappers : RHP Andy White
|
Batting: RHB Dennis Daniels
|
0-0: Ball 1-0: Ball 2-0: Called Strike 2-1: Swinging Strike 2-2: Strikes out looking
|
Batting: LHB Jose Baez
|
0-0: Ball 1-0: Fly out, F7 (Flyball, 7S, EV 85.0 MPH)
|
Batting: RHB Roberto Contreras
|
0-0: Swinging Strike 0-1: Ball 1-1: Ground out 6-3 (Groundball, 6, EV 88.1 MPH)
|
Top of the 4th over - 0 runs, 0 hits, 0 errors, 0 left on base; Spokane 15 - Mahoning Valley 2 |
BOTTOM OF THE 4TH |
Mahoning Valley Scrappers batting - Pitching for Spokane Indians : RHP Erik Sever
|
Batting: SHB Charlie Diesel
|
0-0: SINGLE (Groundball, 5D, EV 106.2 MPH)
|
Batting: LHB Tibalt Sklavenitis
|
0-0: Swinging Strike 0-1: Fly out, F7 (Flyball, 78S, EV 83.8 MPH)
|
Batting: RHB Zachary Sidney
|
0-0: Called Strike 0-1: Grounds into double play, 6-4-3 (Groundball, 6, EV 98.8 MPH)
|
Bottom of the 4th over - 0 runs, 1 hit, 0 errors, 0 left on base; Spokane 15 - Mahoning Valley 2 |
TOP OF THE 5TH |
Spokane Indians batting - Pitching for Mahoning Valley Scrappers : RHP Andy White
|
Batting: LHB William Hanley
|
0-0: Called Strike 0-1: Ball 1-1: SINGLE (Groundball, 6MD, EV 100.6 MPH)
|
Batting: RHB George King
|
0-0: Ball 1-0: Ball 2-0: Fielders Choice at 2nd, 6-4 (Groundball, 6, EV 86.2 MPH)
|
Batting: RHB Shoh Tanioka
|
0-0: Foul Ball, location: 2F 0-1: Ball Wild Pitch! George King to second 1-1: Ball 2-1: Foul Ball, location: 2F 2-2: Ball 3-2: Foul Ball, location: 2F 3-2: Base on Balls
|
Batting: LHB Justin Covington
|
0-0: Foul Ball, location: 2F 0-1: Called Strike 0-2: Ball 1-2: Ball 2-2: Fly out, F8 (Line Drive, 8RM, EV 91.2 MPH)
|
Batting: RHB Dale Aubrey
|
0-0: Ball Wild Pitch! George King to third Shoh Tanioka to second 1-0: Swinging Strike 1-1: 3-RUN HOME RUN (Line Drive, 78XD, EV 113.1 MPH), Distance : 458 ft
|
Batting: RHB Gavin Fimple
|
0-0: Ball 1-0: Ball 2-0: DOUBLE (Line Drive, 89M, EV 110.0 MPH)
|
Batting: RHB Dennis Daniels
|
0-0: Ball 1-0: Ball Balk! Gavin Fimple to third 2-0: Ball Balk! Gavin Fimple scores 3-0: Base on Balls
|
Pitching: RHP Bryan Ernst
|
|
Batting: LHB Jose Baez
|
0-0: Ball 1-0: Foul Ball, location: 2F 1-1: Ball Wild Pitch! Dennis Daniels to second 2-1: Ball 3-1: Foul Ball, location: 2F 3-2: Foul Ball, location: 2F 3-2: Base on Balls
|
Batting: RHB Roberto Contreras
|
0-0: Called Strike 0-1: Ball 1-1: Ground out 5-3 (Groundball, 56S, EV 71.2 MPH)
|
Top of the 5th over - 4 runs, 3 hits, 0 errors, 2 left on base; Spokane 19 - Mahoning Valley 2 |
BOTTOM OF THE 5TH |
Mahoning Valley Scrappers batting - Pitching for Spokane Indians : RHP Erik Sever
|
Batting: RHB Egidius Kruger
|
0-0: Ground out 5-3 (Groundball, 56, EV 100.6 MPH)
|
Batting: LHB Manny Caldera
|
0-0: Ball 1-0: Called Strike 1-1: Fly out, F7 (Flyball, 7, EV 88.8 MPH)
|
Batting: RHB Nelson Trujillo
|
0-0: Foul Ball, location: 2F 0-1: Foul Ball, location: 2F 0-2: Ball 1-2: Strikes out swinging
|
Bottom of the 5th over - 0 runs, 0 hits, 0 errors, 0 left on base; Spokane 19 - Mahoning Valley 2 |
TOP OF THE 6TH |
Spokane Indians batting - Pitching for Mahoning Valley Scrappers : RHP Bryan Ernst
|
Batting: LHB William Hanley
|
0-0: Ball 1-0: Ball 2-0: Called Strike 2-1: Fly out, F9 (Flyball, 9LS, EV 95.6 MPH)
|
Batting: RHB George King
|
0-0: Ball 1-0: Fly out, F8 (Flyball, BS3, EV 98.8 MPH)
|
Batting: RHB Shoh Tanioka
|
0-0: Ball 1-0: Ball 2-0: Ball 3-0: Base on Balls
|
Batting: LHB Justin Covington
|
0-0: Ball 1-0: Called Strike 1-1: Ball 2-1: SINGLE (Line Drive, 5D, EV 98.8 MPH) Shoh Tanioka to second
|
Batting: RHB Dale Aubrey
|
0-0: Called Strike 0-1: Fielders Choice at 2nd, 6-4 (Groundball, 6, EV 108.8 MPH)
|
Top of the 6th over - 0 runs, 1 hit, 0 errors, 2 left on base; Spokane 19 - Mahoning Valley 2 |
BOTTOM OF THE 6TH |
Mahoning Valley Scrappers batting - Pitching for Spokane Indians : RHP Erik Sever
|
Batting: RHB Jonathan Underhill
|
0-0: Ground out 5-3 (Groundball, 5S, EV 86.9 MPH)
|
Batting: RHB Edolf Vlemmings
|
0-0: Swinging Strike 0-1: Fly out, F7 (Flyball, 78M, EV 83.8 MPH)
|
Batting: LHB Tommy Williams
|
0-0: Ball 1-0: Called Strike 1-1: SINGLE (Groundball, P, EV 82.5 MPH) (infield hit)
|
Batting: SHB Charlie Diesel
|
0-0: Ball 1-0: Called Strike 1-1: Foul Ball, location: 2F 1-2: SINGLE (Groundball, 4M, EV 105.6 MPH) (infield hit) Tommy Williams to second
|
Batting: LHB Tibalt Sklavenitis
|
0-0: Ground out U3 (Groundball, 23, EV 83.1 MPH)
|
Bottom of the 6th over - 0 runs, 2 hits, 0 errors, 2 left on base; Spokane 19 - Mahoning Valley 2 |
TOP OF THE 7TH |
Spokane Indians batting - Pitching for Mahoning Valley Scrappers : RHP Bryan Ernst
|
Pinch Hitting: RHB David Reyna
|
0-0: Called Strike 0-1: Ball 1-1: Ball 2-1: DOUBLE (Flyball, 7LD, EV 103.1 MPH)
|
Pinch Hitting: RHB Jerry Garcez
|
0-0: Ball Wild Pitch! David Reyna to third 1-0: Ball 2-0: Called Strike 2-1: Ball 3-1: Base on Balls
|
Batting: LHB Jose Baez
|
0-0: Ball 1-0: Swinging Strike 1-1: Ball 2-1: Called Strike 2-2: Ball 3-2: Base on Balls Jerry Garcez to second
|
Batting: RHB Roberto Contreras
|
0-0: Swinging Strike Balk! David Reyna scores Jerry Garcez to third Jose Baez to second 0-1: Foul Ball, location: 2F 0-2: Ball 1-2: Ball 2-2: Ground out 5-3 (Groundball, 5L, EV 101.9 MPH) Jerry Garcez scores
|
Batting: LHB William Hanley
|
0-0: Swinging Strike 0-1: SINGLE (Groundball, 4MD, EV 103.8 MPH) Jose Baez to third Runner from 3rd tries for Home, SAFE, throw by CF to home William Hanley to second
|
Pinch Hitting: LHB Takeo Nishiguchi
|
0-0: Foul Ball, location: 2F 0-1: Ground out U3 (Groundball, 3, EV 90.0 MPH) William Hanley to third
|
Pitching: RHP Rob Baker
|
|
Pinch Hitting: SHB Lorenzo Rubio
|
0-0: Ball 1-0: Ball Wild Pitch! William Hanley scores 2-0: Ball 3-0: Base on Balls
|
Pinch Hitting: SHB Harrison McLaughlin
|
0-0: Ball 1-0: Ball 2-0: Ball 3-0: Called Strike 3-1: Base on Balls Lorenzo Rubio to second
|
Batting: RHB Dale Aubrey
|
0-0: Ball 1-0: Called Strike 1-1: Ball 2-1: Foul Ball, location: 2F 2-2: Strikes out looking
|
Top of the 7th over - 4 runs, 2 hits, 0 errors, 2 left on base; Spokane 23 - Mahoning Valley 2 |
BOTTOM OF THE 7TH |
Mahoning Valley Scrappers batting - Pitching for Spokane Indians : RHP Erik Sever
|
Now at C: David Reyna
|
|
Now at 2B: Jerry Garcez
|
|
Now at 3B: Takeo Nishiguchi
|
|
Now at SS: Lorenzo Rubio
|
|
Now in CF: Jose Baez
|
|
Now in RF: Harrison McLaughlin
|
|
Batting: RHB Zachary Sidney
|
0-0: Ball 1-0: Ball 2-0: Ball 3-0: Called Strike 3-1: Base on Balls
|
Pinch Hitting: LHB Jim Polson
|
0-0: Ball 1-0: Foul Ball, location: 2F 1-1: Called Strike 1-2: Foul Ball, location: 2F 1-2: Ball Wild Pitch! Zachary Sidney to second 2-2: Foul Ball, location: 2F 2-2: Ball 3-2: Strikes out swinging
|
Pinch Hitting: RHB Steve Hasson
|
0-0: Ball 1-0: Ground out 5-3 (Groundball, 56S, EV 64.4 MPH) Zachary Sidney to third
|
Batting: RHB Nelson Trujillo
|
0-0: Foul Ball, location: 2F 0-1: Foul Ball, location: 2F 0-2: Ball 1-2: Foul Ball, location: 2F 1-2: Strikes out swinging
|
Bottom of the 7th over - 0 runs, 0 hits, 0 errors, 1 left on base; Spokane 23 - Mahoning Valley 2 |
TOP OF THE 8TH |
Spokane Indians batting - Pitching for Mahoning Valley Scrappers : RHP Rob Baker
|
Now at 3B: Jim Polson
|
|
Now at SS: Steve Hasson
|
|
Pinch Hitting: LHB Alfonso Collazo
|
0-0: SINGLE (Flyball, 78S, EV 95.0 MPH)
|
Batting: RHB Jerry Garcez
|
0-0: Foul Ball, location: 2F 0-1: Ball 1-1: Fielders Choice at 2nd, 2-4 (Groundball, 15S, EV 70.6 MPH)
|
Batting: LHB Jose Baez
|
0-0: Fly out, F7 (Flyball, 78S, EV 81.9 MPH)
|
Batting: RHB Roberto Contreras
|
0-0: Ground out 5-3 (Groundball, 56S, EV 79.4 MPH)
|
Top of the 8th over - 0 runs, 1 hit, 0 errors, 1 left on base; Spokane 23 - Mahoning Valley 2 |
BOTTOM OF THE 8TH |
Mahoning Valley Scrappers batting - Pitching for Spokane Indians : RHP Erik Sever
|
Now at C: Lupe Covarrubias
|
|
Pinch Hitting: RHB Justin Thacker
|
0-0: Ball 1-0: SINGLE (Groundball, 56D, EV 94.4 MPH)
|
Pinch Hitting: RHB Chris Slama
|
0-0: Ball 1-0: Called Strike 1-1: Fielders Choice at 2nd, 3-6 (Groundball, 34S, EV 77.5 MPH)
|
Pinch Hitting: RHB Jose Trevino
|
0-0: Fielders Choice at 2nd, 6-4 (Groundball, 6, EV 83.8 MPH)
|
Pinch Hitting: LHB David Savitt
|
0-0: Ball 1-0: DOUBLE (Line Drive, 78XD, EV 106.9 MPH) Jose Trevino to third Runner from 3rd tries for Home, SAFE, no throw by CF
|
Batting: LHB Tibalt Sklavenitis
|
0-0: Called Strike 0-1: SINGLE (Groundball, 6MD, EV 105.0 MPH) David Savitt to third Runner from 3rd tries for Home, SAFE, throw by CF to home
|
Batting: RHB Zachary Sidney
|
0-0: Called Strike 0-1: Fly out, F8 (Flyball, 8LD, EV 98.1 MPH)
|
Bottom of the 8th over - 2 runs, 3 hits, 0 errors, 1 left on base; Spokane 23 - Mahoning Valley 4 |
TOP OF THE 9TH |
Spokane Indians batting - Pitching for Mahoning Valley Scrappers : RHP Rob Baker
|
Now at 1B: David Savitt
|
|
Now at 2B: Justin Thacker
|
|
Now in LF: Chris Slama
|
|
Now in RF: Bertrand Preece
|
|
Batting: LHB William Hanley
|
0-0: Ball 1-0: Ball 2-0: Ball 3-0: Called Strike 3-1: Base on Balls
|
Batting: LHB Takeo Nishiguchi
|
0-0: Ball 1-0: Ball 2-0: Fly out, F7 (Flyball, 7S, EV 72.5 MPH)
|
Batting: SHB Lorenzo Rubio
|
0-0: Ball 1-0: Ball 2-0: Called Strike 2-1: Hit by Pitch William Hanley to second
|
Pinch Hitting: RHB Dongdo-pa Mai
|
0-0: Ball 1-0: Ball Wild Pitch! William Hanley to third Lorenzo Rubio to second 2-0: Fly out, F8 (Flyball, 8RM, EV 83.8 MPH) Runner from 3rd tags up, OUT at HOME! 8-2
|
Top of the 9th over - 0 runs, 0 hits, 0 errors, 1 left on base; Spokane 23 - Mahoning Valley 4 |
BOTTOM OF THE 9TH |
Mahoning Valley Scrappers batting - Pitching for Spokane Indians : RHP Erik Sever
|
Now in RF: Dongdo-pa Mai
|
|
Batting: LHB Jim Polson
|
0-0: Ball 1-0: Called Strike 1-1: Ball 2-1: Ball 3-1: Foul Ball, location: 2F 3-2: Ground out 4-3 (Groundball, 34, EV 84.4 MPH)
|
Batting: RHB Steve Hasson
|
0-0: Ball 1-0: SINGLE (Groundball, 6M, EV 104.4 MPH) (infield hit)
|
Batting: RHB Nelson Trujillo
|
0-0: Ball 1-0: Called Strike 1-1: Foul Ball, location: 2F 1-2: Strikes out swinging
|
Pitching: LHP Tim McConnel
|
|
Batting: RHB Justin Thacker
|
0-0: Called Strike 0-1: Ball 1-1: Foul Ball, location: 2F 1-2: Foul Ball, location: 2F 1-2: Strikes out swinging
|
Bottom of the 9th over - 0 runs, 1 hit, 0 errors, 1 left on base; Spokane 23 - Mahoning Valley 4 |
|